 Dungeon Crawl Stone Soup version 0.21.1-1-g345015f (webtiles) character file.

277 troglodite the Skirmisher (level 6, -2/48 HPs)
             Began as a Demonspawn Berserker on May 4, 2018.
             Was a Believer of Trog.
             Killed from afar by Sigmund (3 damage)
             ... with a wand of flame (36)
             ... on level 4 of the Dungeon.
             The game lasted 00:07:00 (3167 turns).

troglodite the Skirmisher (Demonspawn Berserker)    Turns: 3167, Time: 00:07:01

Health: -2/48      AC: 11    Str: 19 (22) XL:     6   Next: 4%
Magic:  0/6        EV:  6    Int: 11 (13) God:    Trog [**....]
Gold:   212        SH:  0    Dex: 13 (16) Spells: 5/5 levels left

rFire    . . .     SeeInvis .   f - +0 hand axe (chop)
rCold    . . .     Gourm    .   (no shield)
rNeg     . . .     Faith    .   l - +0 plate armour
rPois    .         Spirit   +   (helmet restricted)
rElec    .         Reflect  .   s - scarf {Spirit}
rCorr    .         Harm     .   (no gloves)
MR       .....     Clarity  +   (no boots)
Stlth    ..........             (no amulet)
HPRegen  0.16/turn              k - +4 ring of strength
MPRegen  0.10/turn              (no ring)

@: brilliant, berserk cooldown, very slightly contaminated, slowed, invisible,
very slow
A: horns 1, agile 1, clarity, powered by pain 1
a: Berserk, Trog's Hand, Burn Spellbooks, Renounce Religion


You were on level 4 of the Dungeon.
You worshipped Trog.
Trog was pleased with you.
You were very hungry.

You visited 1 branch of the dungeon, and saw 4 of its levels.

You collected 212 gold pieces.

Inventory:

Hand Weapons
 a - a +0 falchion
 f - a +0 hand axe of chopping (weapon)
Armour
 l - a +0 plate armour (worn)
 r - a +0 cloak
 s - a scarf of spirit shield (worn)
Jewellery
 k - a +4 ring of strength (left hand)
Wands
 m - a wand of flame (18)
 o - a wand of disintegration (12)
 p - a wand of digging (14)
Scrolls
 d - a scroll of amnesia {unknown}
 g - a scroll of magic mapping {unknown}
 h - 3 scrolls of remove curse {unknown}
 i - a scroll of enchant weapon {unknown}
 n - 2 scrolls of fog {unknown}
 u - 2 scrolls of identify {unknown}
 w - a scroll of fear {unknown}
 x - a scroll of enchant armour {unknown}
Potions
 b - a potion of lignification
 e - a potion of brilliance
 q - a potion of curing
Comestibles
 c - 10 rations


   Skills:
 * Level 4.1 Fighting
 + Level 2.8 Long Blades
 + Level 2.8 Axes
 * Level 3.2 Armour
 * Level 2.7 Dodging
 + Level 1.0 Stealth


You had 5 spell levels left.
You didn't know any spells.

Dungeon Overview and Level Annotations

Branches:
Dungeon (4/15)
 Temple: D:4-7

Altars:
Cheibriados
Kikubaaqudgha
Makhleb
Nemelex Xobeh
Vehumet
Wu Jian
Yredelemnul
Zin

Annotations:
D:4 Sigmund


Innate Abilities, Weirdness & Mutations

You have a pair of small horns on your head.
You sometimes gain a little power by taking damage.
You are agile. (Dex +2)
You possess an exceptional clarity of mind.


Message History

Something hits you but does no damage.
You are very lightly contaminated with residual magic.
It was a potion of degeneration.
There was something very wrong with that liquid.
You feel weakened.
You feel dopey.
You feel clumsy. Something hits you but does no damage.
Unknown command.
You hear some strange, mumbled words.
A puff of flame appears from out of thin air!
Helpless, you fail to dodge the puff of flame.
* * * LOW HITPOINT WARNING * * *
You feel less wooden.
Your scarf of spirit shield unmelds from your body.
Your +0 plate armour unmelds from your body.
You feel spirits watching over you. Something hits you!
* * * LOW HITPOINT WARNING * * *
You hear a zap.
A puff of flame appears from out of thin air!
The puff of flame hits you!
You die...

# # ##### ....#
##### ######
.....#############
.....#...........#
.....#.#########@#
.....#.# ##### #.#
.....#.###...# #.#
#....#.##....# #{#
.......##....# #.#
#....#.##....# #.#
.....#.##....# #.#
.....#.###...# #.#
.....#####...###.#


There were no monsters in sight!

Vanquished Creatures
  Crazy Yiuf (D:2)
  A hound (D:2)
  An orc priest (D:4)
  2 worker ants (D:4)
  3 gnolls (D:4)
  3 adders (D:2)
  A worm (D:2)
  3 dart slugs
  A leopard gecko (D:1)
  7 orcs
  2 ball pythons
  4 giant cockroaches
  4 goblins
  6 hobgoblins
  9 jackals
  A quokka (D:3)
  5 bats
  7 frilled lizards
  8 kobolds
  7 rats
76 creatures vanquished.

Notes
Turn   | Place    | Note
-------+----------+-------------------------------------------
     0 | D:1      | troglodite the Demonspawn Berserker began the quest for the Orb.
     0 | D:1      | Reached XP level 1. HP: 18/18 MP: 1/1
   208 | D:1      | Gained mutation: You have a pair of small horns on your head. [demonic ancestry]
   208 | D:1      | Reached XP level 2. HP: 16/24 MP: 2/2
   216 | D:1      | Found a snail-covered altar of Cheibriados.
   656 | D:1      | Gained mutation: You sometimes gain a little power by taking damage. [demonic ancestry]
   656 | D:1      | Reached XP level 3. HP: 26/29 MP: 3/3
   955 | D:2      | Found a basalt altar of Yredelemnul.
   966 | D:2      | Reached skill level 1 in Axes
   969 | D:2      | Reached ** piety under Trog
   975 | D:2      | Found a radiant altar of Vehumet.
  1097 | D:2      | Found a sparkling altar of Nemelex Xobeh.
  1158 | D:2      | Reached XP level 4. HP: 22/36 MP: 4/4
  1186 | D:2      | Found a burning altar of Makhleb.
  1348 | D:2      | Found an ornate altar of the Wu Jian Council.
  1348 | D:2      | Found a glowing silver altar of Zin.
  1531 | D:2      | Found a runed door.
  1535 | D:2      | Noticed Crazy Yiuf
  1541 | D:2      | Killed Crazy Yiuf
  1541 | D:2      | Reached XP level 5. HP: 41/42 MP: 5/5
  1837 | D:3      | Found an ancient bone altar of Kikubaaqudgha.
  1867 | D:3      | Reached skill level 1 in Stealth
  2632 | D:4      | Reached skill level 4 in Fighting
  3125 | D:4      | Noticed Sigmund
  3126 | D:4      | Reached XP level 6. HP: 39/48 MP: 6/6
  3162 | D:4      | Gained mutation: You possess an exceptional clarity of mind. [potion of mutation]
  3162 | D:4      | Gained mutation: You are agile. (Dex +2) [potion of mutation]
  3166 | D:4      | HP: 1/48 [something (2)]
  3167 | D:4      | Killed from afar by Sigmund

Skill      XL: |  1  2  3  4  5 |
---------------+----------------+-----
Armour         | 2 3 |  3.2
Dodging        | 2 |  2.7
Axes           | 1 2 |  2.8
Stealth        | 1 |  1.0
Fighting       | 4 |  4.1
Long Blades    | |  2.8

Action                   |  1- 3 |  4- 6 || total
-------------------------+-------+-------++-------
Melee: Hand axe          |    97 |    97 ||   194
       Headbutt          |    16 |    13 ||    29
Invok: Berserk           |     1 |     3 ||     4
  Use: Potion            |       |     7 ||     7
 Stab: Sleeping          |     1 |       ||     1
  Eat: Chunk             |     2 |     8 ||    10
Armor: Animal skin       |    12 |       ||    12
       Plate armour      |    41 |    72 ||   113
       Skin              |       |     9 ||     9
Dodge: Dodged            |    52 |    29 ||    81
